 Dungeon Crawl Stone Soup version 0.30-a0-424-g7412bad402 (webtiles) character file.

Game seed: 7093375228672727260

660 dahwink the Chopper (level 7, -2/63 HPs)
             Began as a Minotaur Berserker on Dec 10, 2022.
             Was a Follower of Trog.
             Slain by a kobold brigand
             ... wielding a +0 dagger
              (5 damage)
             ... on level 7 of the Dungeon.
             The game lasted 00:09:09 (1001 turns).

dahwink the Chopper (Minotaur Berserker)            Turns: 1001, Time: 00:09:10

Health: -2/63      AC:  5    Str: 23    XL:     7   Next: 30%
Magic:  6/6        EV: 13    Int:  4    God:    Trog [*.....]
Gold:   102        SH:  0    Dex: 10    Spells: 6/6 levels left

rFire   . . .      SeeInvis .    a - +0 hand axe
rCold   . . .      Faith    .    (no shield)
rNeg    . . .      Spirit   .    m - +0 steam dragon scales
rPois   .          Reflect  .    (helmet restricted)
rElec   .          Harm     .    (no cloak)
rCorr   .          Rampage  .    (no gloves)
Will    .....                    (no boots)
Stlth   +.........               (no amulet)
HPRegen 0.30/turn                (no ring)
MPRegen 0.10/turn                (no ring)

@: on berserk cooldown, slowed, very slow
A: horns 2, retaliatory headbutt
a: Renounce Religion, Berserk


You were on level 7 of the Dungeon.
You worshipped Trog.
Trog was aware of your devotion.
You visited 1 branch of the dungeon, and saw 7 of its levels.

You collected 102 gold pieces.

Inventory:

Hand Weapons
 a - a +0 hand axe (weapon)
 d - a +0 dagger
 f - a +0 club
 h - a +0 whip
 i - a +0 dagger
 l - a +0 hand axe
Armour
 b - a +0 animal skin
 c - a +0 leather armour
 e - a +0 leather armour
 m - +0 steam dragon scales (worn)
Jewellery
 k - a ring of ice
 o - a ring of see invisible
Scrolls
 j - a scroll of identify {unknown}
 n - a scroll of vulnerability {unknown}
Potions
 g - a potion of attraction {unknown}


   Skills:
 + Level 6.2 Fighting
 + Level 7.6 Axes
 + Level 3.2 Armour
 + Level 4.2 Dodging


You had 6 spell levels left.
You didn't know any spells.
Your spell library contained the following spells:

 Spells                   Type           Power      Damage    Failure   Level
 Apportation              Tloc           0%         N/A       50%         1
 Alistair's Intoxication  Tmut/Pois      0%         N/A       100%        5


Dungeon Overview and Level Annotations

Branches:
Dungeon (7/15)
 Temple: D:4-7

Altars:
Gozag
Kikubaaqudgha
Okawaru


Innate Abilities, Weirdness & Mutations

You have a pair of horns on your head.
You reflexively headbutt those who attack you in melee.


Message History

A kobold brigand comes into view.
It is wielding a +0 dagger and quivering poisoned darts.
The kobold brigand shouts!
You slash the wyvern! You headbutt the wyvern!
You kill the wyvern!
Trog accepts your kill.
You hear a shout!
A kobold comes into view. It is wielding a +0 short sword.
Your Dodging skill increases to level 4!
You have reached level 7!
You slice the kobold!!
You kill the kobold!
Trog accepts your kill.
You feel a strong urge to attack something.
You feel your anger nearly subside.
You are no longer berserk.
You are exhausted.
You feel yourself slow down.
A kobold comes into view. It is wielding a +0 whip.
The kobold throws a stone.
The stone closely misses you.
You hit the kobold brigand. You headbutt the kobold brigand.
The kobold brigand is lightly wounded.
The kobold brigand hits you with a +0 dagger.
* * * LOW HITPOINT WARNING * * *
You barely miss the kobold brigand.
The kobold brigand is lightly wounded.
You hit the kobold.
The kobold brigand hits you with a +0 dagger.
* * * LOW HITPOINT WARNING * * *
The kobold misses you. You furiously retaliate!
You headbutt the kobold.
You kill the kobold!
Trog accepts your kill.
You hit the kobold brigand but do no damage.
Your headbutt misses the kobold brigand.
The kobold brigand is lightly wounded.
The kobold brigand hits you with a +0 dagger.
* * * LOW HITPOINT WARNING * * *
The kobold throws a stone.
The stone hits you.
* * * LOW HITPOINT WARNING * * *
The kobold brigand hits you with a +0 dagger.
You die...

#.................
#.########........
#.# ##....... #.#
#....... #.#
#.._..8. #.#
#....... #.#
#.#..... #.#
#.#..... ####@##
##.###...
#..)K.#######..#
####
#.#K##..........##
# #....)....####..
# #.#...#.#.# ##.
# # #... .#.# #.
##.. <# # #. #..
.# #. #.: .# #.


You could see a kobold brigand and a kobold.

Vanquished Creatures
  Maggie (D:6)
  A wyvern (D:7)
  A black bear (D:7)
  An ice beast (D:7)
  A hound (D:5)
  An adder (D:6)
  An orc (D:6)
  2 bats (D:2)
  An endoplasm (D:2)
  3 goblins
  2 hobgoblins (D:2)
  2 quokkas
  A ball python (D:2)
  2 frilled lizards (D:2)
  7 kobolds
  A rat (D:2)
28 creatures vanquished.

Notes
Turn   | Place    | Note
-------+----------+-------------------------------------------
     0 | D:1      | dahwink the Minotaur Berserker began the quest for the Orb.
     0 | D:1      | Reached XP level 1. HP: 19/19 MP: 0/0
   284 | D:2      | Reached XP level 2. HP: 27/27 MP: 1/1
   287 | D:2      | Reached skill level 4 in Axes
   405 | D:5      | Entered Level 5 of the Dungeon
   425 | D:5      | Reached XP level 3. HP: 14/34 MP: 2/2
   543 | D:6      | Noticed Maggie
   544 | D:6      | Found an iron altar of Okawaru.
   551 | D:6      | Killed Maggie
   552 | D:6      | Reached skill level 5 in Fighting
   552 | D:6      | Reached skill level 6 in Axes
   552 | D:6      | Reached XP level 4. HP: 42/42 MP: 3/3
   552 | D:6      | Reached XP level 5. HP: 48/48 MP: 4/4
   552 | D:6      | Reached XP level 6. HP: 56/56 MP: 5/5
   874 | D:7      | Noticed an ice beast
   885 | D:7      | Killed an ice beast
   886 | D:7      | Found an ancient bone altar of Kikubaaqudgha.
   889 | D:7      | Found an opulent altar of Gozag.
   918 | D:7      | Reached skill level 7 in Axes
   984 | D:7      | Noticed a wyvern
   992 | D:7      | Killed a wyvern
   993 | D:7      | Reached XP level 7. HP: 20/63 MP: 6/6
  1001 | D:7      | HP: 3/63 [kobold/stone (1)]
  1001 | D:7      | Slain by a kobold brigand

Illustrated notes

Levels and vault maps discovered:
D:1:      ldierk_water_garden, layout_loops_cross
D:2:      layout_basic, shapermc_ecumenical_altar_totnotflames, uniq_jessica
D:3:      layout_loops_ring, minitemple, ebering_ghost_sewer_d,
          chequers_serial_rivers_large_a, uniq_grinder
D:4:      layout_loops_ring, gup_sewer_entry_spiral, serial_glass,
          glass_columns_c, glass_columns_b, corexii_leaking_fountain
D:5:      layout_basic, minmay_temple_entry_antechambers,
          minmay_misc_feat_nine_boxes, uniq_duvessa
D:6:      layout_basic, mainiacjoe_overflow_six_doors_small, uniq_maggie
D:7:      layout_loops_ring, kennysheep_mini, kennysheep_mini_moat,
          yredelemnul_forgotten_temple_becter, grunt_temple_overflow_open,
          uniq_prince_ribbit1

Skill      XL: |  1  2  3  4  5  6 |
---------------+-------------------+-----
Fighting       | 4 5 6 |  6.2
Axes           | 4 6 7 |  7.6
Armour         | 3 |  3.2
Dodging        | 3 4 |  4.2

Action                   |  1- 3 |  4- 6 |  7- 9 || total
-------------------------+-------+-------+-------++-------
Melee: Hand axe          |    32 |    27 |     4 ||    63
       Headbutt          |     7 |     3 |     1 ||    11
       Punch             |       |     1 |       ||     1
Invok: Berserk           |     2 |     2 |       ||     4
Armor: Animal skin       |     8 |       |       ||     8
       Steam dragon scal |       |    18 |       ||    18
Dodge: Dodged            |    32 |    26 |     2 ||    60

Table legend: (Time is in decaauts)
 A = Elapsed time spent in this place.
 B = Non-inter-level travel time spent in this place.
 C = Inter-level travel time spent in this place.
 D = Time resting spent in this place.
 E = Time spent auto-exploring this place.
 F = Levels seen in this place.
 G = Mean time per level.
                   A        B        C        D        E       F      G
               +--------+--------+--------+--------+--------+-----+--------+
         Total |   1031 |   1031 |      0 |      0 |    141 |   7 |  147.3 |
       Dungeon |   1031 |   1031 |      0 |      0 |    141 |   7 |  147.3 |
               +--------+--------+--------+--------+--------+-----+--------+

Top non-repeatable levels by time:
     D:6: 367 daAuts
     D:2: 241 daAuts
     D:7: 146 daAuts
     D:1: 116 daAuts
     D:5: 99 daAuts
     D:3: 37 daAuts
     D:4: 23 daAuts
